 Dungeon Crawl Stone Soup version 0.19-a0-1767-gb375097 (webtiles) character file.

116 Promi the Slasher (level 5, -3/41 HPs)
             Began as a Human Berserker on Oct 2, 2016.
             Was a Believer of Trog.
             Slain by a gnoll
             ... wielding a +0 flail
              (8 damage)
             ... on level 3 of the Dungeon.
             The game lasted 00:07:15 (1876 turns).

Promi the Slasher (Human Berserker)                 Turns: 1876, Time: 00:07:16

Health: -3/41      AC:  8    Str: 18    XL:     5   Next: 20%
Magic:  5/5        EV: 10    Int:  7    God:    Trog [**....]
Gold:   257        SH:  0    Dex: 13    Spells: 0 memorised, 4 levels left

rFire  . . .     SeeInvis .     a - +0 falchion
rCold  . . .     Gourm    .     d - +0 scale mail
rNeg   . . .     Faith    .     (no shield)
rPois  .         Spirit   .     (no helmet)
rElec  .         Dismiss  .     (no cloak)
rCorr  .         Reflect  .     (no gloves)
MR     .....     Harm     .     m - +1 pair of boots
Stlth  +.........               (no amulet)
                                k - ring of stealth
                                (no ring)

@: exhausted, slowed, very slow
A: no striking features
a: Berserk, Trog's Hand, Burn Spellbooks, Renounce Religion


You were on level 3 of the Dungeon.
You worshipped Trog.
Trog was pleased with you.
You were very hungry.

You visited 1 branch of the dungeon, and saw 3 of its levels.

You collected 257 gold pieces.

Inventory:

Hand Weapons
 a - a +0 falchion (weapon)
 t - a +0 hunting sling
Missiles
 i - 109 stones
 p - 6 javelins (quivered)
 q - 7 tomahawks
Armour
 d - a +0 scale mail (worn)
 m - a +1 pair of boots (worn)
Jewellery
 e - an uncursed ring of fire
 k - a ring of stealth (right hand)
Wands
 o - a wand of flame (22/48)
Scrolls
 b - a scroll of recharging {unknown}
 f - a scroll of magic mapping
 g - a scroll of identify
 j - 5 scrolls of remove curse
 l - a scroll of random uselessness {unknown}
Potions
 s - a potion of brilliance
Comestibles
 c - a bread ration
 h - 4 chunks of flesh
 n - a beef jerky
 r - a royal jelly


   Skills:
 + Level 3.2 Fighting
 + Level 3.8 Long Blades
 + Level 1.0 Throwing
 + Level 2.7 Armour
 + Level 2.5 Dodging
 - Level 1.4 Stealth
 + Level 1.1 Evocations


You had 4 spell levels left.
You didn't know any spells.

Dungeon Overview and Level Annotations

Branches:
Dungeon (3/15)

Altars:
Xom


Message History

You barely miss the gnoll. The gnoll closely misses you.
You hit the gnoll.
The gnoll is heavily wounded.
The gnoll hits you with a flail.
* * * LOW HITPOINT WARNING * * *
The gnoll hits you but does no damage.
Some of the chunks of flesh in your inventory have rotted away.
You hit the gnoll but do no damage.
The gnoll is moderately wounded.
The gnoll completely misses you.
You hit the gnoll but do no damage.
The gnoll is moderately wounded.
The gnoll hits you with a flail!
* * * LOW HITPOINT WARNING * * *
The gnoll barely misses you.
You riposte.
You barely miss the gnoll.
The gnoll is moderately wounded.
You see here a gnoll corpse.
You see here a halberd.
The gnoll hits you with a flail!
You die...

.####.##.#.###########)#.#.######
......##.#.# #....).....#.#
......##.#.# #.######.#.#.######
......##...# #.#.. .#.#......÷..
.....##########.#.# .#.....######
.....######.....#.# .#######
.#..........#####.# .#
.#.#######..#####.##.# .#.#
#......@g†..# .#.#
#.######)###...# .... ... ....(
..+ ...# ..### ###.### .# #### ..
..# # . ###


You could see a gnoll.

Vanquished Creatures
  3 adders
  3 gnolls (D:3)
  2 worms (D:2)
  3 dart slugs (D:1)
  3 leopard geckos (D:1)
  An orc (D:3)
  5 bats (D:1)
  3 goblins
  7 hobgoblins
  3 jackals (D:3)
  A quokka (D:3)
  4 frilled lizards
  4 kobolds (D:1)
  3 rats
45 creatures vanquished.

Notes
Turn   | Place    | Note
-------+----------+-------------------------------------------
     0 | D:1      | Promi the Human Berserker began the quest for the Orb.
     0 | D:1      | Reached XP level 1. HP: 18/18 MP: 1/1
   128 | D:1      | Reached XP level 2. HP: 17/24 MP: 2/2
   446 | D:1      | Reached XP level 3. HP: 27/29 MP: 3/3
   497 | D:1      | Reached skill level 1 in Stealth
   714 | D:1      | Reached ** piety under Trog
  1252 | D:2      | Found a shimmering altar of Xom.
  1291 | D:2      | Reached XP level 4. HP: 32/35 MP: 4/4
  1865 | D:3      | Reached skill level 1 in Throwing
  1865 | D:3      | Reached XP level 5. HP: 32/41 MP: 5/5
  1867 | D:3      | Reached skill level 1 in Evocations
  1876 | D:3      | Slain by a gnoll

Vault maps used:
D:1:      minmay_arrival_up_and_down
D:2:      nicolae_overflow_crystal_walls
D:3:      first_bread, uniq_terence

Skill      XL: |  1  2  3  4  5 |
---------------+----------------+-----
Stealth        | 1 |  1.4
Throwing       | 1 |  1.0
Evocations     | 1 |  1.1
Fighting       | |  3.2
Long Blades    | |  3.8
Armour         | |  2.7
Dodging        | |  2.5

Action                   |  1- 3 |  4- 6 || total
-------------------------+-------+-------++-------
Melee: Falchion          |    92 |    59 ||   151
 Fire: Hunting sling     |       |     2 ||     2
Throw: Javelin           |       |     5 ||     5
Invok: Berserk           |     2 |     3 ||     5
  Use: Scroll            |     5 |       ||     5
       Potion            |     2 |       ||     2
  Eat: Chunk             |     3 |     4 ||     7
Armor: Animal skin       |    20 |       ||    20
       Scale mail        |    30 |    14 ||    44
Dodge: Dodged            |    60 |    27 ||    87
